 Dungeon Crawl Stone Soup version 0.31-a0-446-g07c4bd200f (webtiles) character file.

Game seed: 14082065509009016139

3553 Ethylacetat the Martial Artist (level 10, 0/56 HPs)
             Began as a Vine Stalker Monk on Aug 2, 2023.
             Was a Follower of Ashenzari.
             Asphyxiated
             ... on level 8 of the Dungeon.
             The game lasted 00:20:36 (6467 turns).

Ethylacetat the Martial Artist (Vine Stalker Monk)  Turns: 6467, Time: 00:20:37

Health: 0/56       AC:  5    Str: 20    XL:     10   Next: 9%
Magic:  0/11       EV: 17    Int: 16    God:    Ashenzari [*.....]
Gold:   451        SH:  0    Dex: 21    Spells: 9/9 levels left

rFire   . .          .
                       - Unarmed
rCold   . . .        c - orb {light}
rNeg    . . .        s - +2 robe of the Enlightened Cosmos {Rampage rElec, Alch, Fort} (curse)
rPois   .            (no helmet)
rElec   +            (no cloak)
rCorr   .            a - +0 pair of gloves
SInv    .            (no boots)
Will    +....        (no amulet)
Stlth   +            k - +6 ring of intelligence
HPRegen 1.09/turn    o - ring of the Lashed Asceticism {Str+6, Dev, Fort} (curse)
MPRegen 0.12/turn

%: guardian spirit, rampage
@: lethally poisoned (0 -> -10), glowing
A: fangs 3, regeneration 1, magic shield, antimagic bite, no potion heal 2
a: Renounce Religion, Curse Item, Shatter the Chains


You were on level 8 of the Dungeon.
You worshipped Ashenzari.
Ashenzari was aware of your devotion.
You visited 2 branches of the dungeon, and saw 9 of its levels.

You collected 451 gold pieces.

Inventory:

Armour
 a - a +0 pair of gloves (worn)
 c - an orb of light (worn)
 s - the cursed +2 robe of the Enlightened Cosmos (worn) {Rampage rElec, Alch, Fort}
   (You found it on level 4 of the Dungeon)

   rElec:     It insulates you from electricity.
   Rampage:   It bestows one free step when moving towards enemies.
   It has a curse which improves the following skills: Alchemy: Poison Magic and
   Transmutations.
   Fortitude: Armour and Shields.
Jewellery
 k - a +6 ring of intelligence (left hand)
 o - the cursed ring of the Lashed Asceticism (right hand) {Str+6, Dev, Fort}
   (You found it on level 3 of the Dungeon)

   [ring of strength]

   Str:       It affects your strength (+6).
   It has a curse which improves the following skills: Devices: Evocations and
   Shapeshifting.
   Fortitude: Armour and Shields.
 A - a ring of flight
Wands
 m - a wand of polymorph (20)
 t - a wand of paralysis (9)
 w - a wand of mindburst (7)
Scrolls
 b - a scroll of torment
 e - 2 scrolls of teleportation
 f - 4 scrolls of identify
 g - a scroll of enchant weapon
 j - 2 scrolls of poison
 l - 3 scrolls of brand weapon
 n - a scroll of immolation
 y - a scroll of butterflies
 z - a scroll of fog
Potions
 d - a potion of berserk rage
 h - 2 potions of attraction
 i - 3 potions of curing
 p - a potion of haste
 q - a potion of cancellation
 r - 3 potions of enlightenment
 u - a potion of mutation
 x - a potion of lignification


   Skills:
 + Level 8.1 Fighting
 + Level 7.2 Dodging
 + Level 8.7 Unarmed Combat


You had 9 spell levels left.
You didn't know any spells.
Your spell library contained the following spells:

 Spells                   Type           Power      Damage    Failure   Level
 Kiss of Death            Conj/Necr      0%         2d5       26%         1
 Sandblast                Erth           0%         2d4       26%         1
 Passwall                 Tmut/Erth      0%         N/A       36%         2
 Confusing Touch          Hex            0%         N/A       58%         3
 Stone Arrow              Conj/Erth      0%         3d7       58%         3
 Volatile Blastmotes      Fire/Tloc      0%         2d10      58%         3
 Dispel Undead            Necr           0%         3d6       94%         4
 Fulminant Prism          Conj/Hex       0%         3d5       94%         4
 Iskenderun's Mystic Bla  Conj/Tloc      0%         2d3       94%         4


Dungeon Overview and Level Annotations

Branches:
Dungeon (8/15)             Temple (1/1) D:6
   Lair: D:8-11

Altars:
Ashenzari
Dithmenos
Elyvilon
Fedhas
Kikubaaqudgha
Nemelex Xobeh
Qazlal
Sif Muna
Trog
Uskayaw
Vehumet
Wu Jian
Xom
Zin

Shops:
D:3 (   D:4 ?:!

Annotations:
D:3 1 runed translucent door, Crazy Yiuf
Temple 2 transporters


Innate Abilities, Weirdness & Mutations

You have razor-sharp teeth.
Your natural rate of healing is unusually fast.
When hurt, damage is shared between your health and your magic reserves.
Your bite disrupts and absorbs the magic of your enemies.
Potions cannot restore your health.


Message History

You barely miss Amaemon. You bite Amaemon.
Amaemon's magic leaks into the air.
You drain his magic.
Amaemon is severely wounded.
Amaemon hits you with a -1 demon whip of venom!
You are poisoned.
Amaemon claws you. Amaemon tail-slaps you.
The orange demon stings you but does no damage.
You barely miss Amaemon. You bite Amaemon, but do no damage.
Amaemon is severely wounded.
You feel very sick. Amaemon closely misses you. Amaemon misses you. x2
The orange demon stings you from afar!
You punch Amaemon! You bite Amaemon!
You kill Amaemon!
You feel very sick. The orange demon stings you from afar.
* * * LOW HITPOINT WARNING * * *
Your Fighting skill increases to level 8!
Your Dodging skill increases to level 7!
You have reached level 10!
Aiming: Paralyse
Press: ? - help, Shift-Dir - straight line, f/p - orange demon
Aim: an orange demon (severely wounded, concentrated venom, covered in acid, haloed, chance to affect: 17%)
Okay, then.
Aiming: Mindburst
Press: ? - help, Shift-Dir - straight line, f/p - orange demon
Aim: an orange demon (severely wounded, concentrated venom, covered in acid, haloed, chance to affect: 29%)
The orange demon easily resists.
You feel very sick.
The orange demon stings you but does no damage.
Aiming: Mindburst
Press: ? - help, Shift-Dir - straight line, f/p - orange demon
Aim: an orange demon (severely wounded, concentrated venom, covered in acid, haloed, chance to affect: 29%)
The orange demon's mind is blasted!
You feel very sick. The orange demon stings you from afar!
* * * LOW HITPOINT WARNING * * *
You are lethally poisoned!
You have difficulty breathing.
You die...

###########.##....#..
#............#.. .
#............#.. ..
#>........####.. ...
###.........####.. ....
..#[...........'..
.....##.#.........####..
.....4).#.####..........
#@#.####....#.....
#...........#.###.
#.#.###.....#.#... #.#.#
#.....#.#...
#.#.###.....#.#...
#.#...#.......#...
..#.#...#.......#.#.
#.............#.....
##.###.#####.#.#...


You could see an orange demon (curare, corroded).

Vanquished Creatures
  Amaemon (D:8)
  Pikel (D:7)
  A cyclops (D:7)
  Joseph (D:7)
  Sigmund (D:2)
  2 ogres
  2 orc warriors
  A black bear (D:6)
  A centaur (D:8)
  4 lemures
  A phantom (D:5)
  A kobold brigand (D:8)
  3 bullfrogs
  A scorpion (D:4)
  A howler monkey (D:8)
  3 orc priests
  2 gnoll boudas
  A jelly (D:6)
  4 sleepcaps
  A hound (D:5)
  Jessica (D:2)
  An iguana (D:6)
  5 orc wizards
  8 adders
  8 gnolls
  A white imp (D:6)
  An ufetubus (D:5)
  4 worms
  3 dart slugs
  28 orcs
  4 ball pythons
  9 bats
  6 endoplasms
  5 giant cockroaches
  7 goblins
  2 hobgoblins (D:3)
  13 jackals
  14 kobolds
  7 quokkas
  3 frilled lizards
  4 rats
167 creatures vanquished.

Notes
Turn   | Place    | Note
-------+----------+-------------------------------------------
     0 | D:1      | Ethylacetat the Vine Stalker Monk began the quest for the
                  | Orb.
     0 | D:1      | Reached XP level 1. HP: 11/11 MP: 2/2
    95 | D:1      | Reached XP level 2. HP: 15/16 MP: 3/3
   477 | D:1      | Reached XP level 3. HP: 19/20 MP: 4/4
   662 | D:2      | Found a faded altar of an unknown god.
   666 | D:2      | Prayed at the altar of an unknown god.
   666 | D:2      | Became a worshipper of Ashenzari the Shackled
   898 | D:2      | Gained mutation: Your natural rate of healing is unusually
                  | fast. [Vine Stalker growth]
   898 | D:2      | Reached XP level 4. HP: 24/24 MP: 3/5
  1148 | D:2      | Noticed Jessica
  1157 | D:2      | Killed Jessica
  1235 | D:2      | Noticed Sigmund
  1252 | D:2      | Killed Sigmund
  1253 | D:2      | Reached XP level 5. HP: 15/29 MP: 2/6
  1253 | D:2      | Reached XP level 6. HP: 18/33 MP: 2/7
  1581 | D:3      | Found a runed translucent door.
  1582 | D:3      | Noticed Crazy Yiuf
  1748 | D:3      | Found Daeretit's Antique Weapon Emporium.
  1978 | D:3      | Found a glowing silver altar of Zin.
  2495 | D:4      | Found Fumoan's Distillery.
  2495 | D:4      | Found Amaylo's Book Emporium.
  2496 | D:4      | Found Zemut's Magic Scroll Emporium.
  2609 | D:4      | Reached XP level 7. HP: 21/38 MP: 3/8
  2631 | D:4      | Reached skill level 5 in Unarmed Combat
  2650 | D:4      | Identified the +2 robe "Banedwam" {Rampage rElec}
  2662 | D:4      | Reached * piety under Ashenzari
  3151 | D:5      | Entered Level 5 of the Dungeon
  3156 | D:5      | Reached skill level 5 in Fighting
  3295 | D:5      | Gained mutation: You have razor-sharp teeth. [Vine Stalker
                  | growth]
  3295 | D:5      | Reached XP level 8. HP: 32/44 MP: 5/9
  4002 | D:6      | Reached skill level 5 in Dodging
  4065 | D:6      | Found a staircase to the Ecumenical Temple.
  4092 | Temple   | Found a transporter.
  4092 | Temple   | Found a transporter.
  4092 | Temple   | Found a transporter.
  4092 | Temple   | Found a transporter.
  4092 | Temple   | Entered the Ecumenical Temple
  4114 | D:6      | Found a blossoming altar of Fedhas.
  5136 | D:7      | Noticed a cyclops
  5137 | D:7      | Noticed Pikel
  5349 | D:7      | Noticed Joseph
  5364 | D:7      | Killed Joseph
  5364 | D:7      | HP: 2/45 [orc/+0 flail (4)]
  5365 | D:7      | Reached XP level 9. HP: 2/49 MP: 1/10
  5793 | D:7      | Killed Pikel
  5899 | D:7      | Killed a cyclops
  6079 | D:8      | Found a sparkling altar of Nemelex Xobeh.
  6454 | D:8      | Noticed Amaemon
  6454 | D:8      | Noticed an orange demon
  6465 | D:8      | Killed Amaemon
  6466 | D:8      | Reached XP level 10. HP: 17/56 MP: 3/11
  6467 | D:8      | Asphyxiated

Illustrated notes

Levels and vault maps discovered:
D:1:      dpeg_arrival_shrine, layout_loops_cross,
          chequers_serial_rivers_micro_c
D:2:      layout_loops_ring, nicolae_ecumenical_pavilion, uniq_sigmund,
          uniq_jessica
D:3:      layout_basic, zin_treasury, serial_shops, nicolae_shop_behind_doors,
          kennysheep_generic_room_5, uniq_crazy_yiuf_cottage
D:4:      layout_cave_pods, nicolae_shop_distant_corner_stores,
          corexii_item_surrounded_by_moat, nicolae_wormholes
D:5:      layout_rooms
D:6:      layout_basic, mainiacjoe_overflow_brackets, minmay_temple_entry_wispy,
          chequers_serial_rivers_small_b, feat_on_display
D:7:      layout_cave_pods, uniq_pikel, uniq_joseph
D:8:      layout_basic, nicolae_gozag_cash_rules_everything_around_me,
          mainiacjoe_overflow_tiny_flanked, uniq_amaemon
Temple:   hellmonk_temple_divided_pantheon

Skill      XL: |  1  2  3  4  5  6  7  8  9 |
---------------+----------------------------+-----
Fighting       | 3 4 5 6 8 |  8.1
Dodging        | 3 4 6 7 |  7.2
Unarmed Combat | 4 5 7 8 |  8.7

Action                     |  1- 3 |  4- 6 |  7- 9 | 10-12 || total
---------------------------+-------+-------+-------+-------++-------
  Melee: Unarmed           |    75 |   150 |   268 |       ||   493
         Bite              |    23 |    59 |   112 |       ||   194
 Invoke: Curse Item        |       |     1 |     1 |       ||     2
  Evoke: Wand              |       |       |     7 |     2 ||     9
    Use: Potion            |     1 |       |       |       ||     1
 Armour: Robe              |    11 |    13 |    45 |     1 ||    70
  Dodge: Dodged            |    64 |    88 |   214 |       ||   366

Table legend: (Time is in decaauts)
 A = Elapsed time spent in this place.
 B = Non-inter-level travel time spent in this place.
 C = Inter-level travel time spent in this place.
 D = Time resting spent in this place.
 E = Time spent auto-exploring this place.
 F = Levels seen in this place.
 G = Mean time per level.
                   A        B        C        D        E       F      G
               +--------+--------+--------+--------+--------+-----+--------+
         Total |   6421 |   6093 |    328 |    148 |   4854 |   9 |  713.4 |
       Dungeon |   6419 |   6091 |    328 |    148 |   4854 |   8 |  802.4 |
        Temple |      1 |      1 |      0 |      0 |      0 |   1 |    1.0 |
               +--------+--------+--------+--------+--------+-----+--------+

Top non-repeatable levels by time:
     D:6: 1211 daAuts
     D:7: 916 daAuts
     D:4: 881 daAuts
     D:3: 873 daAuts
     D:2: 720 daAuts
     D:1: 658 daAuts
     D:5: 638 daAuts
     D:8: 519 daAuts
  Temple: 1 daAuts
